 Dungeon Crawl Stone Soup version 0.28.0-43-g3370ac3207 (webtiles) character file.

Game seed: 11180817870917335340

109 pkoi the Firebug (level 4, -5/33 HPs)
             Began as a Draconian Fire Elementalist on Mar 15, 2022.
             Was an Initiate of Sif Muna.
             Slain by Grinder (7 damage)
             ... on level 3 of the Dungeon.
             The game lasted 00:03:14 (2781 turns).

pkoi the Firebug (Draconian Fire Elementalist)      Turns: 2781, Time: 00:03:15

Health: -5/33      AC:  5    Str: 11    XL:     4   Next: 59%
Magic:  2/7        EV: 12    Int: 17    God:    Sif Muna [......]
Gold:   134        SH:  0    Dex: 11    Spells: 5/8 levels left

rFire   . . .      SeeInvis .   d - +3 dagger (elec)
rCold   . . .      Faith    .   (no shield)
rNeg    . . .      Spirit   .   (armour unavailable)
rPois   .          Reflect  .   (helmet restricted)
rElec   .          Harm     .   (no cloak)
rCorr   .          Rampage  .   (no gloves)
Will    .....                   (no boots)
Stlth   ++........              (no amulet)
HPRegen 0.11/turn               (no ring)
MPRegen 0.10/turn               (no ring)

@: very slightly contaminated
A: AC +5, unfitting armour, cold-blooded
a: Renounce Religion


You were on level 3 of the Dungeon.
You worshipped Sif Muna.
Sif Muna was noncommittal.
You visited 1 branch of the dungeon, and saw 3 of its levels.

You collected 134 gold pieces.

Inventory:

Hand Weapons
 a - a +0 dagger
 d - a +3 dagger of electrocution (weapon)
Magical Staves
 p - a staff of air
Jewellery
 k - a ring of positive energy
Scrolls
 b - a scroll of teleportation {unknown}
 g - a scroll of fear {unknown}
 i - a scroll of holy word {unknown}
 j - a scroll of identify {unknown}
 l - a scroll of fog {unknown}
Potions
 c - a potion of curing
 f - a potion of invisibility {unknown}
 h - a potion of haste {unknown}
 m - a potion of ambrosia {unknown}
 n - a potion of brilliance {unknown}
 o - a potion of might {unknown}


   Skills:
 - Level 1.7 Dodging
 - Level 1.7 Stealth
 + Level 2.6 Spellcasting
 * Level 2.9 Conjurations
 * Level 4.1 Fire Magic


You had 5 spell levels left.
You knew the following spells:

 Your Spells              Type           Power      Damage    Failure   Level
a - Foxfire               Conj/Fire      56%        2x1d6     4%          1
b - Scorch                Fire           32%        2d7       4%          2

Your spell library contained the following spells:

 Spells                   Type           Power      Damage    Failure   Level
 Conjure Flame            Conj/Fire      14%        6-21      13%         3
 Inner Flame              Hex/Fire       9%         N/A       24%         3
 Flame Wave               Conj/Fire      14%        2d6       38%         4


Dungeon Overview and Level Annotations

Branches:
Dungeon (3/15)

Altars:
Makhleb
Sif Muna

Annotations:
D:3 Grinder


Innate Abilities, Weirdness & Mutations

Your plain brown scales are hard. (AC +5)
You cannot fit into any form of body armour.
You are cold-blooded and may be slowed by cold attacks.


Message History

The foxfire hits Grinder.
Grinder is moderately wounded.
The foxfire hits Grinder.
Grinder is heavily wounded.
Grinder hits you but does no damage.
Casting: Foxfire (safe; 4% risk of failure)
Press: ? - help, Q - select action, (/) - cycle Dir - look around, f - activate You conjure some foxfire!
Grinder hits you.
* * * LOW HITPOINT WARNING * * *
You writhe in agony.
* * * LOW HITPOINT WARNING * * *
Your foxfire dissipates!
The foxfire hits Grinder but does no damage.
Grinder is heavily wounded.
Unknown command.
Casting: Foxfire (safe; 4% risk of failure)
Press: ? - help, Q - select action, (/) - cycle Dir - look around, f - activate You conjure some foxfire!
Grinder barely misses you.
Unknown command.
Your foxfire dissipates!
The foxfire hits Grinder.
Grinder is heavily wounded.
Casting: Foxfire (safe; 4% risk of failure)
Press: ? - help, Q - select action, (/) - cycle Dir - look around, f - activate You conjure some foxfire!
Grinder hits you.
* * * LOW HITPOINT WARNING * * *
You writhe in agony.
* * * LOW HITPOINT WARNING * * *
Casting: Foxfire (safe; 4% risk of failure)
Press: ? - help, Q - select action, (/) - cycle Dir - look around, f - activate You conjure some foxfire!
The foxfire hits Grinder.
Grinder is heavily wounded.
The foxfire hits Grinder.
Grinder is severely wounded.
Grinder hits you!
You die...

.#####..### #.###.##### ..##
#..# ###.#.### ...###..#
#.......# ....##..#####
#.#...#.# ............#
#.##.##.#####
....#.......###.##.....##.##
.......................#.#.##
..###.......##.v###.....###.##
...............v@5.>#...# ##.#
........................###.##
#####.......##..##.##.##.#.##
###.....##........###.##
##.......###.#### #.#
#.......# #.# #.##
###...###.....# #..#
#.<...##.....# ##.#
#..†.###.....# #.#


You could see Grinder (ally target).

Vanquished Creatures
  5 adders
  2 worms
  A dart slug (D:2)
  4 ball pythons
  8 endoplasms
  9 goblins
  4 hobgoblins
  5 kobolds
  5 quokkas
  6 bats
  3 frilled lizards
  5 rats
57 creatures vanquished.

Vanquished Creatures (others)
  199 foxfires
199 creatures vanquished.

Grand Total: 256 creatures vanquished

Notes
Turn   | Place    | Note
-------+----------+-------------------------------------------
     0 | D:1      | pkoi the Draconian Fire Elementalist began the quest for
                  | the Orb.
     0 | D:1      | Reached XP level 1. HP: 14/14 MP: 3/3
   267 | D:1      | Reached XP level 2. HP: 20/20 MP: 0/5
   864 | D:2      | Reached XP level 3. HP: 26/26 MP: 2/6
  1090 | D:2      | Found a shimmering blue altar of Sif Muna.
  1100 | D:2      | Became a worshipper of Sif Muna the Loreminder
  1172 | D:2      | Found a faded altar of an unknown god.
  2081 | D:3      | Reached XP level 4. HP: 29/33 MP: 2/7
  2376 | D:3      | Learned a level 2 spell: Scorch
  2424 | D:3      | Reached skill level 4 in Fire Magic
  2544 | D:3      | Found a burning altar of Makhleb.
  2762 | D:3      | Noticed Grinder
  2781 | D:3      | Slain by Grinder

Illustrated notes

Levels and vault maps discovered:
D:1:      wander_arrival_estate, layout_rooms
D:2:      layout_loops_ring, shapermc_ecumenical_altar_venn, basic_altar,
          grunt_ministairs_13, minmay_misc_feat_five
D:3:      layout_loops_cross, mainiacjoe_overflow_alcove_1,
          grunt_temple_overflow_order_and_chaos_2, uniq_grinder

Skill      XL: |  1  2  3  4 |
---------------+-------------+-----
Conjurations   | 2 |  2.9
Fire Magic     | 4 |  4.1
Dodging        | |  1.7
Stealth        | |  1.7
Spellcasting   | |  2.6

Action                   |  1- 3 |  4- 6 || total
-------------------------+-------+-------++-------
Melee: Dagger            |    14 |     4 ||    18
       Tailslap          |     1 |       ||     1
 Cast: Foxfire           |    89 |    36 ||   125
  Use: Potion            |       |     2 ||     2
 Stab: Sleeping          |     2 |     1 ||     3
Armor: Skin              |    12 |     5 ||    17
Dodge: Dodged            |    33 |     5 ||    38
